 BcadrenCrawl: Boulder Brew version 0.04.2-20-g1dbc4a6302 (webtiles) character file.

Game seed: 17060537847835261021, levelgen mode: deterministic

42 st0uf the Ducker (level 3, -2/28 HPs) Immature Draconian Demonspawn. Began on May 24, 2021. Splashed by a jelly's acid (5 damage) ... on level 2 of the Dungeon. The game lasted 00:02:52 (901 turns).

st0uf the Ducker (Immature Draconian Demonspawn)     Turns: 901, Time: 00:02:52

Health: -2/28      AC: -10   Str: 16    XL:     3 ^: 37
Magic:  5/5        EV: 13    Int: 12    God:
Gold:   58         SH:  4    Dex: 11    Spells: 3/4 levels left

rFire    . . .     Vision   .     - Unarmed
rCold    . . .     Gourm    .     - Unarmed
rNeg     . . .     Faith    .   (armour unavailable)
rPois    .         Spirit   .   (helmet restricted)
rElec    .         Reflect  .   (no cloak)
rCorr    .         Harm     .   (no gloves)
MR       .....                  (no boots)
Stlth    +.........             m - amulet of rage
HPRegen  0.19/turn              (no ring)
MPRegen  0.15/turn              (no ring)

@: corroded, very slow
A: no body armour, unfitting armour, hooves 1, large bone plates 1,
cold-blooded, AC +6
a: Breathe Dart, Evoke Berserk Rage


You were on level 2 of the Dungeon.
You were not hungry.

You visited 1 branch of the dungeon, and saw 2 of its levels.

You collected 58 gold pieces.

Inventory:

Weapons
 d - a +0 dagger of venom
Jewellery
 g - an uncursed ring of positive energy
 i - an uncursed ring of intelligence
 m - an amulet of rage (around neck)
Scrolls
 a - 2 scrolls of teleportation
 e - a scroll of fog
 j - a scroll of enchantment
 l - a scroll of silence
Potions
 c - 2 potions of curing
 f - a potion of cure mutation
 h - a potion of mutation
 k - a potion of heal wounds
Comestibles
 b - 4 rations


   Skills:
 + Level 1.4 Fighting
 + Level 3.2 Dodging
 + Level 1.8 Stealth
 - Level 1.7 Unarmed Combat
 + Level 1.3 Spellcasting
 - Level 1.5 Fire Magic
   Level 3.0 Invocations
 * Level 0.1 Evocations


You had 3 spell levels left.
You knew the following spells:

 Your Spells              Type           Power        Failure   Level  Hunger
a - Flame Tongue          Fire           4 (30)       16%         1    ##.....

Your spell library contained the following spells:

 Spells                   Type           Power        Failure   Level  Hunger
 Blink                    Tloc           N/A          41%         2    ###....
 Call Imp                 Summ           0 (100)      41%         2    ###....
 Slow                     Hex            0 (100)      41%         2    ###....
 Conjure Flame            Fire           4 (100)      43%         3    ####...
 Mephitic Cloud           Pois/Air       0 (100)      65%         3    ####...


Dungeon Overview and Level Annotations

Branches:
Dungeon (2/8)

Altars:


Innate Abilities, Weirdness & Mutations

You cannot fit into any form of body armour.
Your plain brown scales are resilient. (AC +6)
You can breathe rudimentary magical darts.
You have large cloven feet.
You are partially covered in large bone plates. (SH +4)
You are cold-blooded and may be slowed by cold attacks.


Message History

You hit the jelly but do no damage.
Your hands burn (1).
You hit the jelly but do no damage. The acid corrodes you!
Your hands burn (2).
You kick the jelly, but do no damage.
The jelly is heavily wounded. (7/15) HP The jelly splashes around in the water.
You hit the jelly but do no damage.
Your hands burn (2).
You hit the jelly but do no damage.
Your hands burn (3).
You kick the jelly, but do no damage.
The jelly is heavily wounded. (7/15) HP You hit the jelly but do no damage.
Your hands burn (2).
* * * LOW HITPOINT WARNING * * *
You hit the jelly but do no damage. The acid corrodes you!
Your hands burn (1).
* * * LOW HITPOINT WARNING * * *
You kick the jelly (1).
The jelly is severely wounded. (6/15) HP The jelly closely misses you (0).
You hit the jelly but do no damage.
Your hands burn (4).
* * * LOW HITPOINT WARNING * * *
You hit the jelly but do no damage.
Your hands burn (5).
You die...

##### #≈.≈##
#P...##
##≈#≈..#
##.##..≈#
##≈≈≈###.#
#..#≈# #≈##
#≈.### ##.##
###@#
####≈##
#J####.≈≈≈≈#
#≈##≈≈.....#
≈##≈P..#.≈.#
##
#.P####..#
#P<# ####
#.### #≈.
#..


You could see a jelly.

Vanquished Creatures
  A giant cockroach (D:1)
  A cinder newt (D:1)
  A dart slug (D:1)
  A leopard gecko (D:1)
  A ball python (D:1)
  2 bats (D:1)
  2 goblins (D:1)
  2 hobgoblins (D:1)
  4 kobolds (D:1)
  A rat (D:1)
16 creatures vanquished.

Vanquished Creatures (others)
  4 withered plants (D:2)
4 creatures vanquished.

Grand Total: 20 creatures vanquished

Notes
Turn   | Place    | Note
-------+----------+-------------------------------------------
     0 | D:1      | st0uf the Immature Draconian Demonspawn began the quest for
                  | the Orb.
     0 | D:1      | Reached XP level 1. HP: 16/16 MP: 3/3
   124 | D:1      | Gained mutation: You are partially covered in large bone
                  | plates. (SH +4) [demonic ancestry]
   124 | D:1      | Reached XP level 2. HP: 23/23 MP: 4/4
   359 | D:1      | Gained mutation: You have large cloven feet. [demonic
                  | ancestry]
   359 | D:1      | Reached XP level 3. HP: 28/28 MP: 5/5
   901 | D:2      | Splashed by a jelly's acid

Levels and vault maps discovered:
D:1:      saegor_arrival_under_anarchy, layout_basic
D:2:      layout_sewer, first_ration, kennysheep_small_square, uniq_duvessa,
          uniq_blork_the_orc

Skill      XL: |  1  2 |
---------------+-------+-----
Dodging        | 3 |  3.2
Fighting       | |  1.4
Stealth        | |  1.8
Unarmed Combat | |  1.7
Spellcasting   | |  1.3
Fire Magic     | |  1.5
Invocations    | |  3.0
Evocations     | |  0.1

Action                   || total
-------------------------++-------
Melee: Unarmed           ||    95
       Tailslap          ||     3
       Kick              ||     6
 Stab: Sleeping          ||     1
Armor: Skin              ||     5
Dodge: Dodged            ||    16
Block: Other             ||     4
